AoeStats
← and0608

Four Lakes

508635829Analyzed
1v1 RM · 9d ago on Sep 23, 2026· 26m 3s· 2 players
Game mode
Random Map
Map size
Tiny (2 player)
Population
200
Speed
Normal
Resources
Standard
Victory
Conquest
Starting age
Dark Age
Ending age
Imperial Age
RankedLock teamsTeams togetherTeam positionsShared explorationLock speedFull tech treeHidden civsTurbo modeCheats
Victory
Defeat
🇨🇭 Bulgarians · Switzerland
860
+16
867
-16
and0608
5:37 Loom
9:16 Loom
11:55 Feudal Age
12:35 Double-Bit Axe
15:43 Gold Mining
16:38 Fishing Lines
16:56 Arson
19:32 Forging
19:22 Scale Mail Armor
21:27 Castle Age
21:48 Horse Collar
22:04 Gambesons
22:38 Chain Mail Armor
23:12 Iron Casting
幸亏我及时的护住了脸
5:10 Loom
12:35 Feudal Age
13:00 Double-Bit Axe
17:10 Castle Age
15:20 Fishing Lines
18:37 Gillnets
21:32 Forging
22:06 Bloodlines
22:58 Iron Casting
22:44 Stone Mining
22:47 Gold Mining
Connection lost

Rejoining the realm…

Still unreachable

The connection could not be restored.

Session expired

The server has moved on; the page needs a fresh start.